[Event "ITT 1st Parada Jamundi 2022"]
[Site "Jamundi Valle"]
[Date "2022.12.10"]
[Round "8.17"]
[White "Hernandez Pinzon, Helvert"]
[Black "Renteria, Rolando"]
[Result "1-0"]
[ECO "B80"]
[WhiteElo "1835"]
[BlackElo "2046"]
[Annotator "TA"]
[PlyCount "90"]
[EventDate "2022.12.05"]
[EventType "swiss"]
[EventCountry "COL"]
[SourceTitle "playchess.com"]
[Source "ChessBase"]
[SourceQuality "1"]
[TimeControl "5400+30"]

1. e4 c5 2. Nf3 d6 3. d4 cxd4 4. Nxd4 Nf6 5. Nc3 a6 6. Be3 e6 7. f3 b5 8. g4 Bb7 9. Qd2 Nfd7 {The main line 9...Nfd7 scores better than 9...h6.} 10. h4 {[%emt 0:03:32] B80: Sicilian Scheveningen: 6 g3 and 6 Be3, including English Attack.} Nb6 (10... Ne5 $5 ) 11. Bd3 N8d7 12. g5 {[%emt 0:01:38] The position is equal.} Ne5 {[%emt 0:00:12] [#]} 13. b3 $146 {[%emt 0:01:40] Against Nbc4} (13. O-O-O $11 {keeps the balance.}) ({Predecessor:} 13. O-O-O Nbc4 14. Bxc4 Nxc4 15. Qe2 Nxe3 16. Qxe3 b4 17. Nce2 Rc8 18. Kb1 Qc7 19. Rc1 {0-1 (34) Brzezinski,L (1358)-Rozycki,B (2002) Poland 2013}) 13... d5 $17 14. exd5 (14. h5 $17 {keeps fighting.}) 14... Nxd5 $2 (14... Bb4 $19 15. dxe6 Rc8) 15. Nxd5 $15 {[%emt 0:00:34] Black must now prevent Nf4.} Bxd5 16. Be2 Be7 (16... Ba3 $5) 17. Rf1 O-O 18. f4 (18. h5 {with more complications.} Qc7 19. O-O-O Rac8 20. Kb1) 18... Nc6 (18... Nd7 $15) 19. Nxc6 $11 Bxc6 20. Qxd8 Rfxd8 21. c4 Rac8 22. Kf2 b4 ({Better is} 22... bxc4 $11 23. Bxc4 Be4) 23. Rfd1 $14 Kf8 24. Bb6 Rxd1 25. Rxd1 Ke8 26. Bf3 Bxf3 27. Kxf3 Bc5 ({Black should play} 27... h5 $14) 28. Bxc5 $16 Rxc5 {[%emt 0:00:03][%mdl 4096] Endgame KR-KR} 29. Rd6 Ra5 30. Rb6 Rxa2 31. Rxb4 {[%emt 0:00:01] Threatens to win with Rb8+.} a5 $2 ({Black should try} 31... Rh2 $1 $14) 32. Rb8+ $18 Ke7 33. Rb7+ Ke8 34. Ke4 Rh2 35. Rb5 Rh3 36. c5 (36. Rxa5 Rxb3 37. h5 Rh3 $16) (36. Ke5 $18 {and the rest is easy.}) 36... Kd7 (36... f6 $16 37. c6 (37. Rxa5 Rxb3 38. Ra8+ Kf7 $16) 37... Rc3) 37. Rxa5 Rxb3 38. Ra7+ Ke8 39. c6 {[%emt 0:11:15][%cal Bc5c6,Bc6c7][%mdl 32] Ra8+ is the strong threat. White is more active.} Rc3 {[%emt 0:00:22] [#]} 40. c7 {[%emt 0:00:12] Hoping for Ke5.} Rc1 $2 (40... Kd7 $16) 41. Ke5 {[%emt 0:03:12][%cal Og5g6] aiming for g6!} Re1+ 42. Kd6 {[%emt 0:00:23][%cal Rc7c8] White mates.} Rd1+ 43. Kc6 Rc1+ {[%emt 0:00:02] [#]} 44. Kb7 $1 Kd7 45. Kb8 Rc6 {[%emt 0:47:29] Weighted Error Value: White=0.22 (precise) /Black=0.54} 1-0

[Event "ITT 1st Parada Jamundi 2022"]
[Site "Jamundi Valle"]
[Date "2022.12.10"]
[Round "8.18"]
[White "Contreras, Camilo Andres"]
[Black "Simancas Maradei, Miguel Alejand"]
[Result "0-1"]
[ECO "B50"]
[WhiteElo "1848"]
[BlackElo "2027"]
[Annotator "TA"]
[PlyCount "44"]
[EventDate "2022.12.05"]
[EventType "swiss"]
[EventCountry "COL"]
[SourceTitle "playchess.com"]
[Source "ChessBase"]
[SourceQuality "1"]
[TimeControl "5400+30"]

1. e4 c5 2. Nf3 d6 3. Nc3 Nf6 4. d3 a6 5. a4 e6 6. h3 {[%emt 0:00:00] B50: Sicilian: 2...d6, Miscellaneous.} Be7 {[%emt 0:00:15] [#]} 7. Be3 $146 ({Predecessor:} 7. Be2 Nc6 8. Bf4 O-O 9. Qd2 e5 10. Be3 Rb8 11. O-O b5 12. axb5 axb5 13. Nh2 {½-½ (49) Hogic,E-Salkic,M (1999) Tuzla 2015}) 7... Bd7 8. Be2 {[%emt 0:00:00] The position is equal.} Bc6 9. O-O Nbd7 10. Nh2 d5 11. exd5 exd5 12. d4 c4 13. g4 b5 14. axb5 axb5 15. g5 Ng8 {[%emt 0:00:00] [#]} (15... Rxa1 $11 {keeps the balance.} 16. Qxa1 Ne4) 16. Rxa8 ({Better is} 16. Bf3 $1 $16 ) 16... Qxa8 $11 17. Qa1 {[%emt 0:00:00] Hoping for Qxa8+.} Qb7 18. Qa2 $2 ({White should try} 18. b3 $1 $11) 18... h6 19. g6 fxg6 20. Ra1 b4 21. Na4 Ngf6 22. Qb1 (22. Nc5 $142 Nxc5 23. dxc5) 22... O-O {[%emt 0:00:00] Weighted Error Value: White=0.33/Black=0.24 (precise)} 0-1

[Event "ITT 1st Parada Jamundi 2022"]
[Site "Jamundi Valle"]
[Date "2022.12.10"]
[Round "8.19"]
[White "Idrobo, Juan Manuel"]
[Black "Chavarro, Jeffry"]
[Result "0-1"]
[ECO "B12"]
[WhiteElo "1809"]
[BlackElo "2020"]
[Annotator "TA"]
[PlyCount "122"]
[EventDate "2022.12.05"]
[EventType "swiss"]
[EventCountry "COL"]
[SourceTitle "playchess.com"]
[Source "ChessBase"]
[SourceQuality "1"]
[TimeControl "5400+30"]

1. e4 c6 2. Nc3 d6 3. d4 Nd7 4. f4 e5 5. Nf3 Qc7 6. Bc4 {[%emt 0:01:00] B12: Caro-Kann: Advance Variation.} Be7 7. O-O {[%emt 0:01:18] Black must now prevent fxe5.} Ngf6 8. fxe5 $1 {[%emt 0:04:19] White is better.} dxe5 9. Kh1 (9. Nxe5 $16 Nxe5 10. Bf4 (10. dxe5 Qxe5 11. Kh1 Qc5 $11)) 9... O-O $11 10. a4 {[%emt 0:02:12] [#]} (10. Nxe5 {is interesting.} Nxe5 11. dxe5 Qxe5 12. Bf4) 10... h6 $146 (10... exd4 {looks sharper.} 11. Qxd4 Bc5 12. Qd3 Ng4) ({Predecessor:} 10... exd4 11. Nxd4 Ne5 12. Be2 Be6 13. Nxe6 fxe6 14. Qe1 Ng6 15. Be3 Bd6 16. Bg1 Be5 {½-½ (59) Lipiniks,L (1863)-Florentin,D (1775) Asuncion 2011}) 11. Qe1 exd4 12. Nxd4 Ne5 ({Much less strong is} 12... Ng4 13. Bf4 Bd6 14. Ne6 fxe6 15. Bxe6+ Kh7 16. Bxd6 Qxd6 17. Bxg4 $14) 13. Ba2 Ng6 ({Reject} 13... Neg4 14. Bf4 Bd6 15. Bxd6 Qxd6 16. Nf3 $11) (13... Bc5 {keeps more tension.} 14. Qg3 Nh5 15. Qh4 Bxd4 16. Qxh5 Ng4) 14. Be3 (14. Nf5 {simplifies} Be6 15. Bxe6 fxe6 16. Nxe7+ Qxe7 17. Be3) 14... Ng4 15. Bg1 Bc5 {[%emt 0:01:22] ...Bxd4 is the strong threat.} (15... Bd6 {simplifies} 16. h3 Nf6 17. Rd1 Bg3) 16. Rd1 Bxd4 17. Rxd4 Be6 18. Bxe6 fxe6 19. Rd2 a6 20. h3 N4e5 (20... Rxf1 {simplifies} 21. Qxf1 N4e5 22. b3 Rd8) 21. Bc5 Rxf1+ (21... Nc4 $5 22. Rxf8+ Nxf8 $11) 22. Qxf1 Rd8 $40 {[%emt 0:00:18][%mdl 128] Black has some attack.} 23. Rf2 (23. Qd1 $11 Rxd2 24. Qxd2) 23... b6 ({Black should play} 23... b5 $15) 24. Be3 b5 25. Bc5 (25. b3 $11 {keeps the balance.}) 25... Nd7 {[%emt 0:05:12] Pair of Knights!} (25... Nc4 $17 {Hoping for ...Qe5.} 26. axb5 cxb5) 26. Be3 $15 Rf8 (26... Kh7 {feels hotter.} 27. Rf7 Qg3 28. Qc1 Nde5) 27. Rxf8+ Ndxf8 28. Qf2 (28. b3 {looks sharper.} Nd7 29. Kg1 Qg3 30. Qf2) 28... b4 29. Ne2 Qe5 30. c3 (30. Nd4 $11) 30... Qxe4 $17 31. cxb4 Qxb4 32. Nc3 Nd7 33. Qd2 Nde5 34. Qc2 c5 35. Ne4 (35. Qe2 $17) 35... Qe1+ $19 36. Bg1 c4 (36... Nf4 $17 {aiming for ...Ne2.} 37. Kh2 Ned3) 37. Kh2 $1 $15 Qf1 (37... Nf4 $15 38. Ng3 Nfd3) 38. Ng3 (38. Nc5 $1 $11) 38... Qf4 (38... Qd3 $1 $17 39. Qe2 Qxe2 40. Nxe2 Nd3) 39. Qf2 {[%emt 0:00:29] [#]} (39. Qc3 $15) 39... Qxf2 $1 $19 40. Bxf2 {[%emt 0:00:11][%mdl 4096] Endgame KBN-KNN} Nd3 41. Bd4 e5 42. Bc3 Ne7 {[%emt 0:03:04] Prevents Nf5.} 43. Ne4 Nc8 44. Kg3 (44. Nd2 $17 {keeps fighting.}) 44... Kf7 45. Kf3 Ke6 46. Ke3 Nb6 (46... Ne7 $19 47. g4 Nd5+ 48. Kd2 N5f4) 47. a5 (47. b3 $17) 47... Nd5+ 48. Kf3 Kd7 (48... Nxc3 $142 49. bxc3 Ne1+ 50. Kf2 Nd3+ 51. Ke3 Kd5) 49. Nd2 $17 Nxb2 {[%emt 0:01:02] Black is much more active.} 50. Bxe5 $11 ({Don't play} 50. Bxb2 c3 51. Bxc3 Nxc3 $17) 50... c3 51. Nb3 g6 52. Ke2 $2 {[%emt 0:00:32][%mdl 8192] [#] This move loses the game for White.} ({White should try} 52. Bg7 $15) 52... Kc6 $1 $19 53. Bd4 Kb5 54. Bg7 h5 55. Nd4+ Kxa5 56. Ne6 $2 (56. Kf3 Nd3 57. Ke4) 56... Kb4 {[%emt 0:00:31] Black is clearly winning.} 57. Bf8+ Kc4 {[%emt 0:00:18] Threatens to win with ...Nd3.} 58. Bh6 a5 {[%emt 0:00:21][%cal Ba6a5,Ba5a4,Ba4a3][%mdl 32] Strongly threatening ...a4.} 59. Nf8 a4 60. Nxg6 a3 61. Ne5+ Kb5 {[%emt 0:00:28] Weighted Error Value: White=0.62/Black=0.22 (precise)} 0-1

[Event "ITT 1st Parada Jamundi 2022"]
[Site "Jamundi Valle"]
[Date "2022.12.10"]
[Round "8.20"]
[White "Quiceno Ramirez, Edwin Alejandro"]
[Black "Cortes Castro, Jhonny"]
[Result "0-1"]
[ECO "D87"]
[WhiteElo "1787"]
[BlackElo "1954"]
[Annotator "TA"]
[PlyCount "194"]
[EventDate "2022.12.05"]
[EventType "swiss"]
[EventCountry "COL"]
[SourceTitle "playchess.com"]
[Source "ChessBase"]
[SourceQuality "1"]
[TimeControl "5400+30"]

1. d4 Nf6 2. c4 g6 3. Nc3 d5 4. cxd5 Nxd5 5. e4 Nxc3 6. bxc3 Bg7 7. Bc4 c5 8. Ne2 O-O 9. O-O Nc6 10. Be3 Na5 {[%emt 0:00:18] 10...Bg4 is setting a new trend.} 11. Bd5 {[%emt 0:01:55] D87: Exchange Grünfeld: Classical Line: Variations without ...cxd4.} e6 12. Bb3 Nxb3 (12... b6 {is interesting.} 13. dxc5 Ba6 14. Re1 Nxb3 15. Qxb3 Qd3) 13. Qxb3 {[%emt 0:00:34] The position is equal.} cxd4 14. cxd4 b6 15. Rfd1 Bb7 {[%emt 0:00:18] [#]} 16. f3 $146 ({Predecessor:} 16. Nc3 Qe7 17. a4 Rfc8 18. a5 bxa5 19. Rxa5 Bf8 20. Rc5 Rxc5 21. dxc5 Bc6 22. Qc4 {½-½ (32) Sorensen,M-Neergaard,H Aarhus 1994}) 16... Qd7 17. a4 Ba6 {This pair of bishops is nice.} 18. Nc3 Rfc8 19. Nb5 h5 20. Ra2 Qc6 21. d5 exd5 22. Qxd5 Bxb5 (22... Qxd5 {simplifies} 23. Rxd5 Rc4 24. Kf2 Rb4) 23. axb5 Qe8 24. Qd7 Qe5 (24... Rc3 $14 {feels stronger.} 25. Qxe8+ (25. Bf4 Qxd7 26. Rxd7 Rb3 $11) 25... Rxe8) 25. Rxa7 $16 Rxa7 26. Qxc8+ (26. Qxa7 Qxb5 27. Bxb6 (27. Qxb6 Qe2 $11) 27... Qe2 $11) 26... Kh7 27. Qc4 Qb2 28. Bxb6 Rb7 29. Qc5 (29. Be3 $16 {keeps the pressure on. b6 is the strong threat.} Rxb5 30. Rd2 (30. Qxf7 $2 Qe2 $19) 30... Qa1+ 31. Kf2) 29... Qe2 $1 $19 {[%emt 0:00:38][%mdl 1024] Black has strong compensation.} 30. Rf1 {[%emt 0:03:38] [#]} (30. Rc1 Bh6 31. Qc2 Qxc2 32. Rxc2 Rxb6 33. Rb2) 30... Rd7 $2 (30... Rxb6 $1 $19 31. Rb1 (31. Qxb6 $2 Qd3 $19) 31... Qa2) 31. h3 Rd2 32. Qf2 {[%emt 0:01:10] And now Qxe2 would win.} Qd3 33. Qe3 {[%emt 0:00:31] aiming for Qxd3.} Qc2 34. Rf2 Rd1+ 35. Kh2 Qb1 $40 {[%cal Oh5h4][%mdl 128] Black attacks.} 36. Qg5 {[%emt 0:00:00] [#]} (36. Rd2 $1 $15 Be5+ 37. f4) 36... f6 $2 (36... Be5+ $1 $19 37. f4 (37. Qxe5 h4) 37... Rh1+ 38. Kg3 f6) 37. Qh4 (37. Qc5 h4) (37. Qf4 $5 ) 37... Kh6 38. Be3+ g5 39. g4 $1 Rh1+ 40. Kg3 Qg1+ 41. Rg2 Qe1+ 42. Rf2 Bf8 {[%emt 0:04:55][%mdl 64] Really sharp!} 43. Qxh5+ $2 (43. Bxg5+ $11 fxg5 44. Qxh5+ Kg7 45. Qxg5+ Kf7 46. Qd5+ Kg6 47. Qf5+ Kg7 48. Qd7+ Kg6 49. Qe6+ Kg7 50. Qb6) 43... Kg7 44. Bxg5 Bd6+ 45. f4 Qe3+ $2 (45... Rg1+ 46. Kf3 Qc3+ 47. Ke2 Re1#) 46. Kg2 $11 Qxe4+ 47. Kg3 (47. Rf3 Rg1+ $3 48. Kxg1 Bc5+ 49. Kh2 Qe2+ 50. Kh1 Qxf3+ 51. Kh2 Qf2+ 52. Kh1 Qg1#) 47... Rg1+ 48. Kh4 fxg5+ 49. Qxg5+ Kf7 50. Qh5+ Kf8 $2 (50... Kg7 $11 51. Qg5+ Kf7 52. Qh5+ Kg7 53. Qg5+) 51. Qh6+ $18 Ke7 52. Ra2 $1 {[%emt 0:00:36] White threatens Ra7+ and mate.} (52. Qg7+ Kd8 53. Qg8+ Kd7 54. Qf7+ Be7+ 55. Kh5 Rh1 56. Rd2+ Kc7 57. b6+ Kxb6 58. Rb2+ Kc7 $16) 52... Bb8 {[%emt 0:24:05][%cal Og1h1] Prevents Ra7+.} (52... Qe3 $2 53. Ra7+ $3 Qxa7 54. Qg7+ Ke6 55. f5+ Kd5 56. Qxa7) 53. Qg7+ Ke8 54. Qg8+ Ke7 (54... Kd7 $142 55. f5 (55. Qxb8 Qh7+ 56. Kg5 Qg7+ 57. Kh5 Qh7+ 58. Kg5 Qg7+ 59. Kh5 Qh7+ 60. Kg5 $11) 55... Qe5 56. Qf7+ Qe7+ 57. Qxe7+ Kxe7) 55. Qg7+ (55. Qxb8 Qh7+ 56. Kg5 Qg7+ 57. Kh5 Qh7+ 58. Kg5 Qg7+ 59. Kh5 Qh7+ 60. Kg5 $11) (55. Ra6 $142 Kd7 56. Qxb8 Qh7+ 57. Kg5 Qg7+ 58. Kh5 Qh7+ 59. Rh6 Qf7+ 60. Kh4 Qe7+ 61. g5 Qe1+ 62. Kh5 Qe2+ 63. Kg6 (63. Kh4 $2 Rg4+ 64. Kh5 Rxf4+ 65. Kg6 Qe4+ 66. Kg7 Qe7+ 67. Kh8 Rf8+ $19) 63... Qe6+ 64. Kg7 Qe7+ 65. Kg8 Qe8+ 66. Qxe8+ Kxe8 67. h4) 55... Ke8 $1 56. Qg8+ (56. f5 $142 Qe7+ 57. f6 Rxg4+ 58. Kxg4 (58. hxg4 Qe1+ $11) 58... Qe4+ 59. Kh5 Qf5+ 60. Kh4 Qf4+ 61. Qg4 Qxf6+ 62. Qg5 (62. Kh5 Qh8+ 63. Kg5 Qg7+ 64. Kh4 Qe7+ 65. Kh5 Qh7+ 66. Kg5 Qg7+ 67. Kh5 Qh7+ 68. Kg5 Qg7+ $11) 62... Bg3+ 63. Kg4 (63. Kh5 Qf3+ 64. Qg4 Qd5+ 65. Kh6 Qxa2 $14) 63... Qe6+ 64. Kxg3 Qxa2 65. Qg6+ Kd7 66. Qf5+ Kd8 67. Qf6+ Ke8 68. Qc6+ Ke7 69. Qc5+ Kd7 70. h4) 56... Ke7 $1 57. Qg5+ $2 ({And not} 57. Qxb8 Qh7+ 58. Kg5 Qg7+ 59. Kh5 Qh7+ 60. Kg5 Qg7+ 61. Kh5 Qh7+ 62. Kg5 $11) (57. Ra6 Kd7 58. Qxb8 Qh7+ 59. Kg5 Qg7+ 60. Kh5 Qh7+ 61. Rh6 Qf7+ 62. Rg6 Qh7+ 63. Rh6 Qf7+ 64. Kh4 Qe7+ 65. g5 Qe1+ 66. Kh5 Qd1+ 67. Kg6 Qd6+ 68. Qxd6+ Kxd6 69. f5) 57... Kd7 58. Rd2+ Bd6 {[%emt 0:02:15] [#]} 59. Qg7+ $1 Qe7+ 60. Qxe7+ Kxe7 61. Rxd6 $4 Kxd6 {[%emt 0:00:01][%mdl 4096] Endgame KR-KP} 62. Kg5 Ke6 $2 (62... Ke7 $19 {( -> ...Rb1)} 63. h4 Kf7) 63. h4 $2 (63. Kg6 $1 $11 {and White is okay.}) 63... Kf7 $19 64. h5 Rb1 $2 ({Better is} 64... Rf1 $19 {White must now prevent ...Kg7.} 65. b6 Rb1) 65. Kh6 $1 $11 Rb4 (65... Rxb5 $5 66. Kh7 $8 Kf6 $11) 66. g5 Rxf4 {[%emt 0:00:16] KR-K3P} (66... Rxb5 $5 67. Kh7 $8 Rd5 $11) 67. Kh7 $1 (67. g6+ Kg8 68. Kg5 Rb4 69. h6 Rxb5+ 70. Kf6 Kf8 71. h7 Rb6+ 72. Kg5 Kg7 73. Kf5 Rf6+ 74. Ke5 Rxg6 75. h8=R Kxh8 76. Ke4 Kg7 77. Ke5 Rg5+ 78. Ke4 Kf6 79. Kd4 Ke6 80. Ke3 Ke5 81. Kf3 Kd4 82. Kf4 Re5 83. Kf3 Re4 84. Kf2 Re3 85. Kg2 Kd3 86. Kf2 Kd2 87. Kg1 Ke2 88. Kg2 Rc3 89. Kh1 Kf2 90. Kh2 Kf1 91. Kh1 Rh3#) 67... Rh4 (67... Rg4 $5 68. g6+ $8 Kf6 $11) 68. g6+ (68. h6 $5 Rg4 $8 69. b6 Rxg5 70. b7 $11) 68... Kf6 69. Kh6 (69. h6 $5 Kg5 $8 70. g7 Rxh6+ 71. Kg8 $11) 69... Rd4 70. Kh7 $2 (70. b6 $11) 70... Rd7+ 71. Kh8 Rb7 72. Kg8 Rb8+ $2 ({Inferior is} 72... Rxb5 73. g7 $15) (72... Ra7 73. b6 Rg7+ 74. Kh8 Rb7 75. Kg8 Kg5 76. g7 Kh6 77. Kf8 Rxg7 78. Ke8 Rb7 79. Kf8 Kxh5 80. Ke8 Kg6 81. Kd8 Rxb6 82. Ke7 Rf6 83. Ke8 Rf7 84. Kd8 Kf6 85. Kc8 Ke6 86. Kd8 Kd6 87. Kc8 Rh7 88. Kb8 Kc6 89. Ka8 Kb6 90. Kb8 Rh8#) 73. Kh7 Rb7+ $2 (73... Rxb5 $11 74. h6 Rb8) 74. Kg8 $1 Rxb5 $2 (74... Rc7 75. b6 Rd7 76. Kh8 Rb7 77. Kg8 Kg5 78. Kh8 Kf6 79. Kg8 Kg5 80. g7 Kh6 81. Kf8 Rxg7 82. Ke8 Kxh5 83. Kd8 Rb7 84. Kc8 Rxb6 85. Kd7 Kg6 86. Kd8 Rb7 87. Ke8 Kf6 88. Kd8 Re7 89. Kc8 Ke5 90. Kd8 Kd6 91. Kc8 Kc6 92. Kb8 Re6 93. Ka8 Kb6 94. Kb8 Re8#) 75. g7 $15 Rxh5 {[%emt 0:00:51] KR-KP} 76. Kf8 Ra5 77. g8=N+ {[%emt 0:00:04] KR-KN} Ke6 78. Nh6 Rg5 79. Ng8 $1 Rg1 80. Ne7 Rf1+ 81. Ke8 Rb1 82. Kd8 Rb7 83. Nc8 Rd7+ 84. Ke8 Rh7 85. Kd8 Rd7+ 86. Ke8 Rd4 87. Ne7 Rd6 88. Nc8 Rd7 89. Nb6 Rd6 90. Nc8 $1 Rc6 91. Kd8 $1 Rc1 92. Nb6 Rd1+ 93. Kc7 Rc1+ 94. Kd8 Rc5 95. Na4 $2 {[%emt 0:00:37][%mdl 8192] [#]} (95. Nc8 $11) 95... Rb5 $2 (95... Rc6 $1 {mates} 96. Nb2 Rb6 97. Nc4 Rb3 98. Na5 Rb5 99. Nc6 Kd6 100. Ne7 Rb8+ 101. Nc8+ Kc6 102. Ke7 Rxc8 103. Ke6 Ra8 104. Kf5 Ra4 105. Ke5 Rc4 106. Ke6 Rc5 107. Ke7 Re5+ 108. Kf6 Kd6 109. Kf7 Rf5+ 110. Kg7 Ke7 111. Kg6 Rb5 112. Kg7 Rb6 113. Kh8 Kf7 114. Kh7 Kf8 115. Kh8 Rh6#) 96. Nc3 $2 (96. Kc7 $11) 96... Rb4 97. Na2 Rc4 {[%emt 0:00:03] A wild game.   Weighted Error Value: White=0.86/Black=0.44} 0-1

[Event "ITT 1st Parada Jamundi 2022"]
[Site "Jamundi Valle"]
[Date "2022.12.10"]
[Round "8.21"]
[White "Rodriguez, Juan Gabriel"]
[Black "Garces, Javier"]
[Result "0-1"]
[ECO "B21"]
[WhiteElo "1665"]
[BlackElo "1863"]
[Annotator "NA RC COMBH"]
[PlyCount "38"]
[EventDate "2022.12.05"]
[EventType "swiss"]
[EventCountry "COL"]
[SourceTitle "playchess.com"]
[Source "ChessBase"]
[SourceQuality "1"]
[TimeControl "5400+30"]

1. e4 c5 2. f4 Nc6 3. Nf3 g6 4. Bb5 Nd4 $11 5. Nxd4 cxd4 6. O-O $1 Qb6 7. Bc4 Nf6 8. d3 d6 9. f5 gxf5 10. exf5 Rg8 11. Qf3 Bd7 12. g3 Bc6 13. Qe2 h5 14. Rf4 Bh6 15. Rf1 Bxc1 16. Rxc1 h4 17. Re1 Qc7 18. Kf2 hxg3+ 19. hxg3 d5 0-1

[Event "ITT 1st Parada Jamundi 2022"]
[Site "Jamundi Valle"]
[Date "2022.12.09"]
[Round "8.22"]
[White "Hernandez Bermudez, Manuela"]
[Black "Castro Castro, Joaquin"]
[Result "1/2-1/2"]
[ECO "B77"]
[WhiteElo "1815"]
[BlackElo "1797"]
[Annotator "NA RC COMBH"]
[PlyCount "45"]
[EventDate "2022.12.05"]
[EventType "swiss"]
[EventCountry "COL"]
[SourceTitle "playchess.com"]
[Source "ChessBase"]
[SourceQuality "1"]
[TimeControl "5400+30"]

1. e4 c5 2. Nf3 d6 3. d4 cxd4 4. Nxd4 Nf6 5. Nc3 g6 6. Be3 Bg7 7. f3 O-O 8. Qd2 Nc6 9. Bc4 Nxd4 10. Bxd4 Be6 11. Bb3 Qa5 12. O-O-O b5 13. Kb1 b4 14. Nd5 Bxd5 15. exd5 Qb5 16. g4 a5 17. g5 Nh5 18. Bxg7 Nxg7 19. Qd3 Qxd3 20. Rxd3 a4 21. Bc4 Rfc8 22. b3 Nf5 23. Re1 1/2-1/2

[Event "ITT 1st Parada Jamundi 2022"]
[Site "Jamundi Valle"]
[Date "2022.12.09"]
[Round "8.23"]
[White "Cajamarca Gordillo, Sebastian Alejandro"]
[Black "Franco, Jhonier"]
[Result "0-1"]
[ECO "A57"]
[WhiteElo "1618"]
[BlackElo "1900"]
[Annotator "TA"]
[PlyCount "66"]
[EventDate "2022.12.05"]
[EventType "swiss"]
[EventCountry "COL"]
[SourceTitle "playchess.com"]
[Source "ChessBase"]
[SourceQuality "1"]
[TimeControl "5400+30"]

1. d4 c5 2. d5 Nf6 3. c4 b5 4. Nd2 d6 5. e4 g6 6. b3 Bg7 {[%emt 0:00:58][%cal Of6e4] [#] Hoping for ...Nxe4! A57: Benko/Volga Gambit.} 7. Bb2 O-O 8. Ngf3 b4 {[%emt 0:00:11] The position is equal.} 9. Bd3 a5 10. O-O Nbd7 11. Qc2 Nh5 12. Bxg7 Nxg7 13. Rfe1 {[%emt 0:00:33] [#]} e5 $146 ({Predecessor:} 13... Ne5 14. Nxe5 dxe5 15. Nf3 f6 16. Qe2 Bg4 17. h3 Bd7 18. Qe3 Qc7 19. Red1 Qd6 {0-1 (43) Mehling,F (1713)-Tran,M (2002) Osnabrueck 2012}) 14. a4 ({Better is} 14. a3 $11) 14... f5 $15 15. Bf1 f4 16. Re2 {[%emt 0:01:35] Black continues to play with concentration.} g5 17. Ne1 g4 18. Qd3 (18. Nd3 $17 {might work better.}) 18... h5 $19 19. f3 Qg5 20. fxg4 $2 (20. g3) 20... hxg4 21. h3 Nf6 22. hxg4 Nxg4 (22... Bxg4 $2 {perishes.} 23. Nef3 Qg6 24. Kf2 $19) (22... Qxg4 $2 {too greedy.} 23. Qh3 $19) 23. Ndf3 $2 (23. Qh3) 23... Qh6 {[%emt 0:02:14] And now ...Nh5 would win. Black is clearly winning.} 24. g3 Nh5 25. Nh2 Nxg3 26. Rg2 Nf6 {[%emt 0:00:45] White must now prevent ...Ra7.} 27. Raa2 Ra7 28. Be2 Rg7 29. Bf3 Kf7 30. Raf2 Bh3 31. Qd1 Rh8 32. Qc2 Bxg2 33. Rxg2 {[%emt 0:00:12] [#]} Ngxe4 $1 {[%emt 0:02:19] Weighted Error Value: White=1.40/Black=0.46} 0-1

[Event "ITT 1st Parada Jamundi 2022"]
[Site "Jamundi Valle"]
[Date "2022.12.09"]
[Round "8.24"]
[White "Mata Zambrano, Luis Enrique"]
[Black "Hernandez Jimenez, Xavi"]
[Result "1-0"]
[ECO "D58"]
[WhiteElo "1544"]
[BlackElo "1678"]
[Annotator "NA RC COMBH"]
[PlyCount "49"]
[EventDate "2022.12.05"]
[EventType "swiss"]
[EventCountry "COL"]
[SourceTitle "playchess.com"]
[Source "ChessBase"]
[SourceQuality "1"]
[TimeControl "5400+30"]

1. d4 d5 2. c4 e6 3. Nf3 Nf6 4. Nc3 Be7 5. Bg5 Nbd7 6. e3 h6 7. Bh4 O-O 8. Qc2 b6 9. cxd5 exd5 10. Be2 Bb7 11. O-O Ne4 12. Bxe7 Qxe7 13. Rfd1 c6 14. Ne1 Rfe8 15. Nd3 Ba6 16. Rac1 Qf6 17. Bf1 Rac8 18. Ne5 Bxf1 19. Nxe4 dxe4 20. Nxd7 Qd6 21. Nxb6 Bxg2 22. Nxc8 Qg6 23. Qxc6 Qg4 24. Qxe8+ Kh7 25. Qe5 1-0

[Event "ITT 1st Parada Jamundi 2022"]
[Site "Jamundi Valle"]
[Date "2022.12.10"]
[Round "8.30"]
[White "Pena Ramirez, Jatniel"]
[Black "Rendon, Isabela"]
[Result "0-1"]
[ECO "C54"]
[WhiteElo "1201"]
[BlackElo "1139"]
[Annotator "NA RC COMBH"]
[PlyCount "162"]
[EventDate "2022.12.05"]
[EventType "swiss"]
[EventCountry "COL"]
[SourceTitle "playchess.com"]
[Source "ChessBase"]
[SourceQuality "1"]
[TimeControl "5400+30"]

1. e4 e5 2. Nf3 Nc6 3. Bc4 Bc5 4. c3 Nf6 5. d3 d6 6. Bb3 a6 7. O-O Ba7 8. Nbd2 Be6 9. Re1 Ne7 10. Nf1 Ng6 11. Ng3 O-O 12. Be3 Qd7 13. Qd2 Rfe8 14. h3 d5 15. Qe2 d4 16. cxd4 exd4 17. Bg5 Bxb3 18. Bxf6 Ba4 19. Bxg7 Kxg7 20. Nf5+ Qxf5 21. exf5 Rxe2 22. Rxe2 Nf4 23. Re4 Nxd3 24. b3 Bc6 25. Rg4+ Kf8 26. Nxd4 Rd8 27. Nxc6 bxc6 28. Rd1 Rd5 29. Kf1 Nxf2 30. Rxd5 cxd5 31. Ra4 Ne4 32. Rxa6 Ng3+ 33. Ke1 Bb6 34. f6 Ke8 35. a4 Kd7 36. Ra8 Bc5 37. Rh8 Bb4+ 38. Kd1 d4 39. Rxh7 Ke6 40. Rh4 Nf5 41. Rh8 d3 42. Re8+ Kxf6 43. g4 Nd6 44. Re3 d2 45. h4 c5 46. Kc2 c4 47. bxc4 Nxc4 48. Re4 Nb2 49. Rxb4 d1=Q+ 50. Kxb2 Qd2+ 51. Kb3 Qd3+ 52. Kb2 Qe2+ 53. Kb3 Qe3+ 54. Kc4 Qe2+ 55. Kb3 Qf3+ 56. Kc4 Qxg4+ 57. Kb5 Qe2+ 58. Ka5 Kg7 59. Rb5 Qe1+ 60. Rb4 f5 61. Kb5 Qe2+ 62. Kb6 Qe3+ 63. Ka6 Qe6+ 64. Ka7 Qc8 65. h5 Qc5+ 66. Rb6 f4 67. h6+ Kh7 68. Kb7 f3 69. Rc6 Qxc6+ 70. Kxc6 f2 71. a5 f1=Q 72. Kb6 Qf6+ 73. Kb7 Qe7+ 74. Kb6 Qd8+ 75. Ka6 Qa8+ 76. Kb6 Kxh6 77. a6 Kg6 78. a7 Kf6 79. Ka6 Ke6 80. Kb6 Kd6 81. Ka6 Kc6 0-1

[Event "ITT 1st Parada Jamundi 2022"]
[Site "Jamundi Valle"]
[Date "2022.12.10"]
[Round "9.1"]
[White "Cori Quispe, Kevin Joel"]
[Black "Henriquez Villagra, Cristobal"]
[Result "1/2-1/2"]
[WhiteElo "2469"]
[BlackElo "2587"]
[Annotator "TA"]
[PlyCount "18"]
[EventDate "2022.12.05"]
[EventType "swiss"]
[EventCountry "COL"]
[SourceTitle "playchess.com"]
[Source "ChessBase"]
[SourceQuality "1"]
[TimeControl "5400+30"]

1. e4 c5 2. Nf3 d6 3. d4 cxd4 4. Nxd4 Nf6 5. Nc3 a6 {[%emt 0:00:22] [#]} 6. Be3 $146 ({Predecessor:} 6. h3 e6 7. g4 Nfd7 8. g5 b5 9. h4 Bb7 10. Bg2 Be7 11. Be3 Ne5 12. f4 Nc4 13. Bc1 Nc6 14. b3 Qa5 15. Rh3 Na3 16. Nxc6 Bxc6 {0-1 (30) Gukesh,D (2725)-So,W (2760) Kolkata 2022}) 6... Ng4 7. Bc1 Nf6 8. Be3 Ng4 {[%emt 0:00:05] 8...Be6 is setting a new trend.} 9. Bc1 Nf6 1/2-1/2